 Dungeon Crawl Stone Soup version 0.31-a0-845-g9abc20d24f (webtiles) character file.

Game seed: 3447365691970999453

3651 Dirtsage the Cleaver (level 9, -6/81 (82) HPs)
             Began as a Minotaur Fighter on Oct 1, 2023.
             Was a Follower of Okawaru.
             Mangled by a wight
             ... wielding a +4 hand axe
              (11 damage)
             ... on level 8 of the Dungeon.
             The game lasted 00:10:12 (7357 turns).

Dirtsage the Cleaver (Minotaur Fighter)             Turns: 7357, Time: 00:10:12

HP:   -6/81 (82)    AC: 12    Str: 24    XL:     9   Next: 88%
MP:   10/10         EV:  8    Int:  7    God:    Okawaru [*.....]
Gold: 350           SH:  6    Dex: 15    Spells: 8/8 levels left

rFire   . . .        a - +0 war axe
rCold   . . .        c - +0 buckler
rNeg    + . .        g - +0 chain mail {rN+}
rPois   .            (helmet restricted)
rElec   .            G - +0 cloak
rCorr   .            (no gloves)
SInv    .            (no boots)
Will    .....        (no amulet) Stlth
                     E - +6 ring of dexterity
HPRegen 0.33/turn    (no ring)
MPRegen 0.12/turn

%: no passive effects
@: lightly drained
A: horns 2, retaliatory headbutt
a: Renounce Religion, Heroism


You were on level 8 of the Dungeon.
You worshipped Okawaru.
Okawaru was aware of your devotion.
You visited 2 branches of the dungeon, and saw 9 of its levels.
You also visited: Sewer.

You collected 490 gold pieces.
You spent 140 gold pieces at shops.

Inventory:

Hand Weapons
 a - a +0 war axe (weapon)
Armour
 b - a +0 scale mail
 c - a +0 buckler (worn)
 g - a +0 chain mail of positive energy (worn)
 G - a +0 cloak (worn)
Jewellery
 E - a +6 ring of dexterity (left hand)
Wands
 s - a wand of acid (4)
Scrolls
 e - 3 scrolls of enchant weapon
 f - 3 scrolls of revelation
 h - a scroll of torment
 i - 4 scrolls of identify
 j - 3 scrolls of enchant armour
 m - 2 scrolls of noise
 p - 2 scrolls of butterflies {unknown}
 t - 6 scrolls of teleportation
 u - a scroll of immolation {unknown}
 v - a scroll of silence {unknown}
 w - 4 scrolls of blinking {unknown}
 x - a scroll of poison {unknown}
 y - a scroll of vulnerability {unknown}
Potions
 d - 3 potions of might
 k - 2 potions of invisibility {unknown}
 l - a potion of heal wounds
 n - 6 potions of mutation {unknown}
 o - a potion of degeneration {unknown}
 q - a potion of magic {unknown}
 r - 6 potions of haste {unknown}
 z - 2 potions of lignification {unknown}
 A - a potion of ambrosia {unknown}
 B - a potion of brilliance {unknown}
 C - a potion of resistance {unknown}
 D - a potion of curing {unknown}
 F - a potion of cancellation {unknown}


   Skills:
 + Level 8.3 Fighting
 * Level 10.8 Axes
 + Level 8.3 Armour
 + Level 8.2 Shields
 + Level 2.8 Invocations


You had 8 spell levels left.
You didn't know any spells.
Your spell library contained the following spells:

 Spells                   Type           Power      Damage    Failure   Level
 Apportation              Tloc           0%         N/A       94%         1
 Necrotise                Necr           0%         1d4       94%         1
 Sandblast                Erth           0%         2d4       94%         1
 Blink                    Tloc           0%         N/A       98%         2
 Lesser Beckoning         Tloc           0%         N/A       98%         2
 Momentum Strike          Conj/Tloc      0%         3d8       98%         2
 Passwall                 Tmut/Erth      0%         N/A       98%         2
 Stone Arrow              Conj/Erth      0%         3d7       100%        3
 Anguish                  Hex/Necr       0%         N/A       100%        4
 Brom's Barrelling Bould  Conj/Erth      0%         2d3       100%        4
 Cause Fear               Hex            0%         N/A       100%        4
 Enfeeble                 Hex            0%         N/A       100%        7
 Ozocubu's Refrigeration  Ice            0%         4d7       100%        7
 Polar Vortex             Ice            0%         N/A       100%        9
 Summon Small Mammal      Summ           Unusable   N/A       N/A         1
 Simulacrum               Ice/Necr       Unusable   N/A       N/A         6

Dungeon Overview and Level Annotations

Branches:
Dungeon (8/15)             Temple (1/1) D:6           Sewer (visited)
   Lair: D:8-11

Altars:
Cheibriados
Dithmenos
Elyvilon
Fedhas
Gozag
Hepliaklqana
Kikubaaqudgha
Makhleb
Nemelex Xobeh
Okawaru
Ru
Sif Muna
Trog
Uskayaw
Vehumet
Xom
Yredelemnul
Zin
The Shining One

Shops:
D:1 ((   D:4 =?[:


Innate Abilities, Weirdness & Mutations

You have a pair of horns on your head.
You reflexively headbutt those who attack you in melee.


Message History

You kill the wyvern!
Okawaru accepts your kill.
You take 12 damage, and have 25/82 hp.
A centaur and 4 wights come into view.
The centaur wields a +0 orcbow.
The centaur shoots an arrow.
The arrow barely misses you.
You hit the wight. You headbutt the wight.
The wight is moderately damaged.
The wight completely misses you.
You barely miss the wight.
The wight is moderately damaged.
A wight comes into view. It is wielding a +3 morningstar.
The wight hits you with a +5 falchion!
* * * LOW HITPOINT WARNING * * *
The wight hits you but does no damage. The wight closely misses you.
The wight hits you from afar with a +3 halberd!
* * * LOW HITPOINT WARNING * * *
You take 22 damage, and have 9/82 hp.
MASSIVE DAMAGE!!
You barely miss the wight. You headbutt the wight!
The wight is severely damaged.
You barely miss the wight. x2; You block the wight's attack.
The wight hits you with a +5 falchion.
* * * LOW HITPOINT WARNING * * *
The wight hits you but does no damage. The wight closely misses you.
You take 2 damage, and have 7/82 hp.
You feel much better. The wight hits you with a +5 falchion!
* * * LOW HITPOINT WARNING * * *
You partially resist.
You feel drained.
* * * LOW HITPOINT WARNING * * *
The wight hits you with a +7 hand axe.
* * * LOW HITPOINT WARNING * * *
The wight closely misses you.
The wight hits you from afar with a +3 halberd!
* * * LOW HITPOINT WARNING * * *
You take 2 damage, and have 5/81 hp.
You closely miss the wight.
The wight is severely damaged.
You hit the wight. x2; The wight closely misses you.
You block the wight's attack. The wight hits you with a +4 hand axe!
You die...

#######
.......
...#...###
.........#
...#.zz#.#
.....zz@.#
########z#
#.#.#..#
#.#...##
#.#.###
?<.####.#.#
..........#
..?####...#
#...#


You could see 5 wights.

Vanquished Creatures
  Joseph (D:7)
  Jeremiah (D:7)
  The ghost of ipx the Chopper, an amateur DsGl of Makhleb (D:5)
  A wyvern (D:8)
  A steam dragon (D:7)
  A water moccasin (D:6)
  2 ice beasts (D:7)
  5 black bears
  4 ogres
  A kobold brigand (Sewer)
  5 bullfrogs
  3 scorpions
  A howler monkey (D:4)
  A gnoll bouda (D:7)
  3 orc priests
  4 hounds
  A jelly (D:7)
  Ijyb (D:4)
  2 sleepcaps
  3 orc wizards (D:6)
  4 iguanas
  13 gnolls
  7 adders
  3 river rats (D:5)
  2 shadow imps
  A white imp (D:6)
  An ufetubus (D:5)
  2 worms
  2 dart slugs
  11 orcs
  4 ball pythons
  3 endoplasms
  7 giant cockroaches
  6 goblins
  7 hobgoblins
  4 jackals (D:4)
  22 kobolds
  8 quokkas
  7 bats
  7 frilled lizards
  10 rats
173 creatures vanquished.

Notes
Turn   | Place    | Note
-------+----------+-------------------------------------------
     0 | D:1      | Dirtsage the Minotaur Fighter began the quest for the Orb.
     0 | D:1      | Reached XP level 1. HP: 19/19 MP: 0/0
   112 | D:1      | Reached XP level 2. HP: 23/27 MP: 1/1
   148 | D:1      | Found Zafaav's Weapon Shop.
   202 | D:1      | Reached skill level 3 in Axes
   280 | D:1      | Found Ojora's Weapon Emporium.
   840 | D:2      | Reached XP level 3. HP: 30/33 MP: 2/2
  1438 | D:3      | Reached XP level 4. HP: 17/40 MP: 3/3
  1576 | D:3      | Found a faded altar of an unknown god.
  1583 | D:3      | Reached skill level 4 in Axes
  2304 | D:4      | Found Jyaxitoa's Magic Scroll Shoppe.
  2311 | D:4      | Found Finaroj's Jewellery Boutique.
  2312 | D:4      | Bought a scroll of teleportation for 42 gold pieces
  2312 | D:4      | Bought a scroll of identify for 28 gold pieces
  2312 | D:4      | Bought a scroll of teleportation for 42 gold pieces
  2312 | D:4      | Bought a scroll of identify for 28 gold pieces
  2352 | D:4      | Noticed a black bear
  2352 | D:4      | Noticed a scorpion
  2363 | D:4      | Killed a black bear
  2364 | D:4      | Reached XP level 5. HP: 25/47 MP: 4/4
  2366 | D:4      | Reached skill level 5 in Axes
  2491 | D:4      | Noticed a black bear
  2499 | D:4      | Killed a black bear
  2500 | D:4      | Reached skill level 5 in Fighting
  2500 | D:4      | Reached skill level 5 in Armour
  2500 | D:4      | Reached skill level 5 in Shields
  2500 | D:4      | Reached XP level 6. HP: 39/56 MP: 5/5
  2578 | D:4      | Reached skill level 6 in Axes
  2608 | D:4      | Found a glowing drain.
  2635 | Sewer    | Entered a sewer
  2756 | Sewer    | Reached XP level 7. HP: 61/61 MP: 6/6
  2969 | D:4      | Found Xisy Say's Armour Shop.
  2970 | D:4      | Noticed Ijyb
  2981 | D:4      | Killed Ijyb
  3323 | D:4      | Found an opulent altar of Gozag.
  3363 | D:4      | Reached skill level 7 in Axes
  3624 | D:4      | Found Cysena's Book Shop.
  3721 | D:5      | Entered Level 5 of the Dungeon
  3748 | D:6      | Reached XP level 8. HP: 18/70 MP: 7/7
  4029 | D:5      | Found a radiant altar of Vehumet.
  4250 | D:5      | Reached skill level 8 in Axes
  4413 | D:5      | Found a snail-covered altar of Cheibriados.
  4926 | D:5      | Found a large runed translucent door.
  4926 | D:5      | Found a large runed translucent door.
  4930 | D:5      | Noticed ipx's ghost (amateur DsGl)
  5084 | D:5      | Killed ipx's ghost
  5413 | D:6      | Found a shadowy altar of Dithmenos.
  5462 | D:6      | Found a sacrificial altar of Ru.
  5538 | D:6      | Reached skill level 9 in Axes
  5763 | D:6      | Reached XP level 9. HP: 73/79 MP: 8/8
  5783 | D:6      | Found a staircase to the Ecumenical Temple.
  5811 | Temple   | Entered the Ecumenical Temple
  5824 | Temple   | Became a worshipper of Warmaster Okawaru
  6007 | D:7      | Found a hide-covered altar of Uskayaw.
  6172 | D:7      | Reached skill level 1 in Invocations
  6250 | D:7      | Noticed Jeremiah
  6297 | D:7      | Killed Jeremiah
  6298 | D:7      | Reached skill level 10 in Axes
  6557 | D:7      | Found a glowing golden altar of the Shining One.
  6642 | D:7      | Identified the +0 pair of gloves of Kiloraeh {Harm Str-3
                  | Int+7}
  6988 | D:7      | Found a glowing silver altar of Zin.
  7018 | D:7      | Noticed Joseph
  7025 | D:7      | Reached * piety under Okawaru
  7035 | D:7      | Killed Joseph
  7357 | D:8      | Mangled by a wight

Illustrated notes

Levels and vault maps discovered:
D:1:      ncdulo_lavacross, layout_loops_ring, serial_shops, shop, shop
D:2:      layout_rooms, minmay_quadrilaterals
D:3:      layout_basic, basic_ecumenical_altar
D:4:      minmay_evil_eye, layout_basic, grunt_gozag_statues, serial_shops,
          nicolae_shop_real_fake_doors, nicolae_shop_hallway_plus, shop,
          nicolae_take_the_stairs, cheibrodos_sewer_entry_bend, uniq_ijyb
D:5:      wad_woods_settlement, layout_basic, mainiacjoe_overflow_tiny_flanked,
          lemuel_tele_altar, ebering_ghost_disaster_area
D:6:      layout_rooms, kennysheep_little_box,
          grunt_dithmenos_smoke_and_mirrors, minmay_temple_entry_wispy
D:7:      layout_loops_ring, mainiacjoe_overflow_chevrons, zin_academy,
          lemuel_crystal_altar, uniq_joseph, uniq_jeremiah
D:8:      layout_loops_ring, lemuel_coloured_pillars_altar,
          lemuel_crystal_altar, enter_ossuary_1
Temple:   nicolae_temple_ecumenical_triangle

Skill      XL: |  1  2  3  4  5  6  7  8  9 |
---------------+----------------------------+-----
Axes           | 3 4 5 6 7 9 10 | 10.8
Fighting       | 4 5 6 7 8 |  8.3
Armour         | 4 5 6 7 8 |  8.3
Shields        | 4 5 6 7 8 |  8.2
Invocations    | 2 |  2.8

Action                     |  1- 3 |  4- 6 |  7- 9 || total
---------------------------+-------+-------+-------++-------
  Melee: War axe           |   102 |    83 |   306 ||   491
         Headbutt          |    10 |    13 |    56 ||    79
  Evoke: Wand              |       |       |     5 ||     5
    Use: Potion            |       |     1 |     1 ||     2
         Scroll            |       |       |     5 ||     5
 Armour: Scale mail        |    69 |    50 |       ||   119
         Chain mail        |       |    22 |   243 ||   265
  Dodge: Dodged            |    59 |    48 |   116 ||   223
  Block: Buckler           |    21 |    23 |    63 ||   107

Table legend: (Time is in decaauts)
 A = Elapsed time spent in this place.
 B = Non-inter-level travel time spent in this place.
 C = Inter-level travel time spent in this place.
 D = Time resting spent in this place.
 E = Time spent auto-exploring this place.
 F = Levels seen in this place.
 G = Mean time per level.
                   A        B        C        D        E       F      G
               +--------+--------+--------+--------+--------+-----+--------+
         Total |   7477 |   7226 |    251 |      0 |   5923 |  10 |  747.7 |
       Dungeon |   7141 |   6898 |    243 |      0 |   5708 |   8 |  892.6 |
        Temple |     22 |     14 |      8 |      0 |      0 |   1 |   22.0 |
         Sewer |    313 |    313 |      0 |      0 |    215 |   1 |  313.0 |
               +--------+--------+--------+--------+--------+-----+--------+

Top non-repeatable levels by time:
     D:5: 1439 daAuts
     D:7: 1212 daAuts
     D:4: 1187 daAuts
     D:3: 970 daAuts
     D:6: 822 daAuts
     D:1: 813 daAuts
     D:2: 556 daAuts
   Sewer: 313 daAuts
     D:8: 139 daAuts
  Temple: 22 daAuts
